 Dungeon Crawl Stone Soup version 0.25-a0-523-g9afb2ee040 (webtiles) character file.

Game seed: 17761294947339271672, levelgen mode: deterministic

56 Crl the Skirmisher (level 3, -2/34 HPs)
             Began as a Naga Fighter on Feb 18, 2020.
             Slain by a worm (5 damage)
             ... on level 1 of the Dungeon.
             The game lasted 00:06:41 (1193 turns).

Crl the Skirmisher (Naga Fighter)                   Turns: 1193, Time: 00:06:42

Health: -2/34      AC:  4    Str: 24    XL:     3   Next: 97%
Magic:  3/3        EV:  5    Int:  8    God:
Gold:   68         SH:  9    Dex: 10    Spells: 2/2 levels left

rFire    . . .     SeeInvis +   a - +0 trident
rCold    . . .     Gourm    .   c - +0 kite shield
rNeg     . . .     Faith    .   b - +0 scale mail
rPois    +         Spirit   .   (no helmet)
rElec    .         Reflect  .   (no cloak)
rCorr    .         Harm     .   (no gloves)
MR       .....                  (no barding)
Stlth    ..........             (no amulet)
HPRegen  0.11/turn              (no ring)
MPRegen  0.08/turn              (no ring)

@: mighty, short of breath, very slow
A: large, see invisible, deformed body, poison resistance, slowness 2, slow
metabolism 1, spit poison 1, AC +1
a: Spit Poison


You were on level 1 of the Dungeon.
You were not hungry.

You visited 1 branch of the dungeon, and saw 2 of its levels.

You collected 68 gold pieces.

Inventory:

Hand Weapons
 a - a +0 trident (weapon)
Missiles
 j - 11 poisoned darts (quivered)
Armour
 b - a +0 scale mail (worn)
 c - a +0 kite shield (worn)
Jewellery
 i - an uncursed ring of ice
Scrolls
 e - 3 scrolls of identify {unknown}
 g - a scroll of remove curse {unknown}
 h - a scroll of noise {unknown}
 k - a scroll of random uselessness {unknown}
Comestibles
 f - 3 rations
 l - a chunk of flesh


   Skills:
 + Level 3.5 Fighting
 + Level 2.6 Polearms
 + Level 2.8 Armour
 + Level 2.8 Shields


You had 2 spell levels left.
You didn't know any spells.
Your spell library was empty.

Dungeon Overview and Level Annotations

Branches:
Dungeon (2/15)

Altars:
Nemelex Xobeh


Innate Abilities, Weirdness & Mutations

You cannot wear boots.
Your serpentine skin is tough. (AC +1)
You have supernaturally acute eyesight. (SInv)
Armour fits poorly on your strangely shaped body.
Your system is resistant to poisons. (rPois)
You cover ground very slowly.
You have a slow metabolism.
You can spit poison.


Message History

* * * LOW HITPOINT WARNING * * *
The kobold hits you but does no damage. You block the worm's attack.
Press: ? - help, Shift-Dir - straight line, f - worm
Aim: a worm (heavily wounded)
The splash of poison hits the worm but does no damage.
The worm is heavily wounded.
You feel slightly more hungry. The kobold hits you with a +0 dagger.
* * * LOW HITPOINT WARNING * * *
You feel very mighty all of a sudden. You block the worm's attack.
You block the kobold's attack.
You hit the worm.
The worm is severely wounded.
The kobold hits you but does no damage. The worm closely misses you.
You barely miss the worm.
The worm is heavily wounded.
The kobold barely misses you.
Your shield and scale mail prevent you from hitting the worm.
The worm is heavily wounded.
You block the kobold's attack. The worm bites you.
You die...

### ##.##### #......#
##.###.# #.# #.# #.# #.#
######## #.# #.# #....#..
#.# #.# ###########....#..
#.###.# #@w.....(......'..
#.#...# #K#######).....#..
#.#.### #.#######...####..
#.#.# #.(...............
#.#.# #)#############...
#.#.# #(# ########...
##.#.#####.######..........
#....#.........##..........
##.###.....................


You could see a worm and a kobold.

Vanquished Creatures
  3 adders
  An ooze (D:1)
  A dart slug (D:1)
  A leopard gecko (D:1)
  A giant cockroach (D:2)
  2 goblins (D:1)
  4 hobgoblins (D:1)
  3 frilled lizards
  5 kobolds (D:1)
  4 rats (D:1)
25 creatures vanquished.

Notes
Turn   | Place    | Note
-------+----------+-------------------------------------------
     0 | D:1      | Crl the Naga Fighter began the quest for the Orb.
     0 | D:1      | Reached XP level 1. HP: 21/21 MP: 1/1
   183 | D:1      | Reached XP level 2. HP: 28/28 MP: 2/2
   485 | D:1      | Reached XP level 3. HP: 34/34 MP: 3/3
  1075 | D:2      | Found a sparkling altar of Nemelex Xobeh.
  1193 | D:1      | Slain by a worm

Levels and vault maps discovered:
D:1:      nicolae_arrival_washed_ashore, layout_basic, minmay_indecisive_spiral
D:2:      layout_basic, nicolae_overflow_crystal_walls,
          nemelex_xobeh_ov_fountains_minmay, tso_altar

Action                   || total
-------------------------++-------
Melee: Trident           ||    83
 Abil: Spit Poison       ||     2
  Use: Potion            ||     1
Armor: Scale mail        ||    24
Dodge: Dodged            ||    19
Block: Kite shield       ||    37

Table legend:
 A = Non-vault XP
 B = Vault XP
 C = Vault XP percentage of total XP
 D = Non-vault monster count
 E = Vault monster count
 F = Vault count percentage of total count
                 A         B        C        D         E       F
            +---------+---------+-------+---------+---------+-------
      Total |      75 |       6 |   7.4 |      21 |       4 |  16.0
            +---------+---------+-------+---------+---------+-------
        D:1 |      46 |       6 |  11.5 |      17 |       4 |  19.0
        D:2 |      29 |       0 |   0.0 |       4 |       0 |   0.0
            +---------+---------+-------+---------+---------+-------
